 Dungeon Crawl Stone Soup version 0.27-a0-1579-g97d2440184 (webtiles) character file.

Game seed: 16562330879518299540

7759 Zonian the Covert (level 11, -1/55 HPs)
             Began as a Vine Stalker Conjurer on July 17, 2021.
             Was a Priest of Uskayaw.
             Slain by Urug (20 damage)
             ... on level 10 of the Dungeon.
             The game lasted 00:35:53 (15419 turns).

Zonian the Covert (Vine Stalker Conjurer)          Turns: 15419, Time: 00:35:53

Health: -1/55      AC: 13    Str: 10    XL:     11   Next: 20%
Magic:  0/21       EV: 14    Int: 25    God:    Uskayaw [***...]
Gold:   468        SH:  4    Dex: 15    Spells: 15/23 levels left

rFire    . . .     SeeInvis .   h - +2 whip (venom)
rCold    . . .     Faith    +   C - +0 buckler
rNeg     . . .     Spirit   +   c - +4 steam dragon scales
rPois    .         Reflect  .   s - +1 helmet
rElec    .         Harm     .   n - +1 cloak {Stlth+}
rCorr    .         Rampage  .   (no gloves)
Will     +....                  (no boots)
Stlth    +++++.....             b - amulet of faith
HPRegen  1.18/turn              w - +6 ring of intelligence
MPRegen  0.17/turn              (no ring)

@: no status effects
A: fangs 3, regeneration 1, magic shield, antimagic bite, no potion heal 2
a: Renounce Religion, Stomp, Line Pass


You were on level 10 of the Dungeon.
You worshipped Uskayaw.
Uskayaw was noncommittal.
You visited 2 branches of the dungeon, and saw 11 of its levels.

You collected 468 gold pieces.

Inventory:

Hand Weapons
 d - a +0 short sword
 g - a +0 hunting sling
 h - a +2 whip of venom (weapon)
 v - a +2 quarterstaff of draining
 y - a +2 whip of flaming
 z - a +0 dagger
 B - a +0 hand crossbow
 J - a +1 short sword of protection
Missiles
 k - 6 silver boomerangs
 m - 253 stones
 u - 5 javelins
 H - a curare-tipped dart
 I - 26 sling bullets
Armour
 a - a +0 robe
 c - +4 steam dragon scales (worn)
 n - a +1 cloak of stealth (worn)
 r - a +1 cloak
 s - a +1 helmet (worn)
 C - a +0 buckler (worn)
Jewellery
 b - an amulet of faith (around neck)
 o - an amulet of reflection
 w - a +6 ring of intelligence (left hand)
 F - a ring of positive energy
Wands
 p - a wand of digging (6)
 A - a wand of polymorph (6)
 G - a wand of flame (20)
 K - a wand of iceblast (10)
Scrolls
 q - 3 scrolls of noise
 x - 4 scrolls of fog
Potions
 e - a potion of attraction {unknown}
 f - a potion of flight
 i - a potion of brilliance {unknown}
 j - a potion of cancellation {unknown}
 l - 3 potions of lignification
 t - 3 potions of degeneration {unknown}
 D - 4 potions of curing {unknown}
 E - 2 potions of heal wounds {unknown}


   Skills:
 + Level 5.1 Fighting
 + Level 3.6 Short Blades
 - Level 3.7 Maces & Flails
 + Level 5.2 Dodging
 + Level 8.1 Stealth
 + Level 2.1 Shields
 - Level 0.2 Unarmed Combat
 + Level 6.5 Spellcasting
 + Level 7.8 Conjurations
 + Level 4.1 Hexes
 + Level 4.1 Translocations
 + Level 3.3 Invocations
 + Level 2.1 Evocations


You had 15 spell levels left.
You knew the following spells:

 Your Spells              Type           Power      Damage    Failure   Level
a - Magic Dart            Conj           100%       1d8       1%          1
b - Searing Ray           Conj           94%        3d6       1%          2
c - Blink                 Tloc           N/A        N/A       2%          2
d - Dazzling Flash        Conj/Hex       76%        N/A       2%          3

Your spell library contained the following spells:

 Spells                   Type           Power      Damage    Failure   Level
 Apportation              Tloc           56%        N/A       1%          1
 Corona                   Hex            32%        N/A       1%          1
 Slow                     Hex            29%        N/A       2%          2
 Confusing Touch          Hex            29%        N/A       4%          3
 Tukima's Dance           Hex            29%        N/A       4%          3
 Ensorcelled Hibernation  Hex/Ice        36%        N/A       6%          2
 Fulminant Prism          Conj/Hex       19%        3d11      8%          4
 Iskenderun's Mystic Bla  Conj/Tloc      38%        2d9       8%          4
 Animate Skeleton         Necr           16%        N/A       9%          1
 Summon Small Mammal      Summ           32%        N/A       9%          1
 Passwall                 Tmut/Erth      6%         N/A       14%         2
 Ozocubu's Armour         Ice            8%         N/A       26%         3
 Swiftness                Air            8%         N/A       26%         3
 Vampiric Draining        Necr           4%         2d6       26%         3
 Manifold Assault         Tloc           28%        N/A       41%         5
 Summon Ice Beast         Ice/Summ       8%         N/A       65%         4
 Summon Lightning Spire   Summ/Air       8%         N/A       65%         4
 Metabolic Englaciation   Hex/Ice        9%         N/A       71%         5
 Summon Mana Viper        Hex/Summ       18%        N/A       71%         5
 Invisibility             Hex            14%        N/A       94%         6
 Simulacrum               Ice/Necr       4%         N/A       100%        6
 Monstrous Menagerie      Summ           4%         N/A       100%        7
 Storm Form               Tmut/Air       4%         N/A       100%        7
 Maxwell's Capacitive Co  Air            4%         ∞         100%        8


Dungeon Overview and Level Annotations

Branches:
Dungeon (10/15)            Temple (1/1) D:5             Orc (0/2) D:9
   Lair: D:8-11

Altars:
Ashenzari
Cheibriados
Dithmenos
Elyvilon
Fedhas
Gozag
Hepliaklqana
Kikubaaqudgha
Makhleb
Nemelex Xobeh
Okawaru
Qazlal
Ru
Sif Muna
Trog
Uskayaw
Vehumet
Wu Jian
Xom
Yredelemnul
Zin
The Shining One

Shops:
D:2 [   D:9 :

Annotations:
D:4 Eustachio
D:6 3 runed translucent doors, lunkers's ghost, novice OgWr
D:7 Harold
D:10 Urug


Innate Abilities, Weirdness & Mutations

You have razor-sharp teeth.
Your natural rate of healing is unusually fast.
When hurt, damage is shared between your health and your magic reserves.
Your bite disrupts and absorbs the magic of your enemies.
Potions cannot restore your health.


Message History

The bolt of acid misses you.
You hit Urug.
Urug looks as sick as possible!
Your bite misses Urug.
Urug is lightly wounded.
Urug zaps a wand.
The bolt of acid hits you!!
You are splashed with acid!
Unknown command.
You barely miss Urug.
Urug is lightly wounded.
Urug barely misses you.
Aiming: Line Pass
Press: ? - help, Dir - move target, f - you
Okay, then.
Aiming: Line Pass
Press: ? - help, Dir - move target Urug appears confused.
Found a stone staircase leading up.
Okay, then.
You hit Urug but do no damage.
Urug looks as sick as possible!
Urug is lightly wounded.
Urug seems less confused.
Urug mutters, "Sometimes I wonder if they all really are harpies."
Urug closely misses you.
You closely miss Urug.
Urug is moderately wounded.
Urug hits you with a +2 vampiric long sword!
* * * LOW HITPOINT WARNING * * *
Urug draws strength from your wounds!
Okay, then.
Okay, then.
Okay, then.
You hit Urug.
Urug looks as sick as possible!
Your bite misses Urug.
Urug is lightly wounded.
Urug completely misses you.
You hit Urug but do no damage.
Urug looks as sick as possible!
You bite Urug. You drain her power.
You feel invigorated.
Urug is moderately wounded.
Urug hits you but does no damage.
You hit Urug but do no damage.
Urug is moderately wounded.
Urug hits you with a +2 vampiric long sword!!
You die...

## #.############## ##
..<.#...............
.##...#..#############
.....#......#
#....#......##
#....#.......#
#....#....##.#
#....#....##.#
#...@.....##.#
#..o.#....##.#
#.#..#######.# #
#.†..# #.# #.>..# #.#
##...# #.# #†..# #.#
#.##...#####.#
#............#


You could see Urug (extremely poisoned).

Vanquished Creatures
  A hornet (D:7)
  2 meliai zombies
  Sigmund (D:6)
  A shadow (D:10)
  12 yaks (D:9)
  A wyvern (D:8)
  A steam dragon (D:6)
  2 vampire mosquitoes
  A hornet zombie (D:6)
  An ice beast (D:6)
  3 orc warriors
  A black bear (D:5)
  A sky beast (D:7)
  2 ogres
  A wolf (D:10)
  4 centaurs
  4 kobold brigands
  A bullfrog (D:6)
  A gnoll sergeant (D:6)
  16 killer bees
  7 howler monkeys
  A bullfrog zombie (D:6)
  6 centaur zombies
  2 jellies
  2 bullfrog skeletons
  2 gnoll shamans
  4 orc priests
  8 hounds
  2 centaur skeletons
  6 orc wizards
  A killer bee zombie (D:8)
  2 hound skeletons
  25 gnolls
  6 adders
  An ufetubus (D:6)
  5 dart slugs
  28 orcs
  6 bats
  9 endoplasms
  4 giant cockroaches (D:1)
  8 goblins
  4 hobgoblins
  9 jackals
  4 quokkas
  4 ball pythons
  3 frilled lizards
  14 kobolds
  6 rats
236 creatures vanquished.

Vanquished Creatures (others)
  2 fungi (D:9)
  5 plants (D:9)
7 creatures vanquished.

Grand Total: 243 creatures vanquished

Notes
Turn   | Place    | Note
-------+----------+-------------------------------------------
     0 | D:1      | Zonian the Vine Stalker Conjurer began the quest for the
                  | Orb.
     0 | D:1      | Reached XP level 1. HP: 9/9 MP: 4/4
   249 | D:1      | Reached XP level 2. HP: 13/13 MP: 3/6
   252 | D:1      | Learned a level 2 spell: Searing Ray
   711 | D:1      | Reached XP level 3. HP: 12/16 MP: 0/7
  1475 | D:2      | Found Yggirun's Antique Armour Shop.
  2217 | D:2      | Gained mutation: Your natural rate of healing is unusually
                  | fast. [Vine Stalker growth]
  2217 | D:2      | Reached XP level 4. HP: 21/21 MP: 1/9
  2849 | D:2      | Reached skill level 3 in Stealth
  3405 | D:3      | Reached skill level 5 in Conjurations
  3405 | D:3      | Reached XP level 5. HP: 25/25 MP: 7/10
  3745 | D:3      | Found a shimmering blue altar of Sif Muna.
  3773 | D:3      | Found a stormy altar of Qazlal.
  3795 | D:3      | Found an iron altar of Okawaru.
  3798 | D:3      | Found a hide-covered altar of Uskayaw.
  3846 | D:3      | Found a bloodstained altar of Trog.
  4004 | D:3      | Reached skill level 1 in Maces & Flails
  4016 | D:3      | Reached skill level 1 in Fighting
  4469 | D:3      | Reached XP level 6. HP: 30/30 MP: 2/12
  4619 | D:3      | Found a faded altar of an unknown god.
  4974 | D:4      | You fall into a shaft and drop 3 floors!
  5000 | D:7      | Noticed a hornet
  5265 | D:6      | Noticed Sigmund
  5279 | D:6      | Killed Sigmund
  5280 | D:6      | Reached skill level 4 in Stealth
  5280 | D:6      | Reached XP level 7. HP: 28/34 MP: 7/13
  5462 | D:6      | Noticed a steam dragon
  5479 | D:6      | Killed a steam dragon
  5680 | D:6      | Found a broken altar of Ashenzari.
  5866 | D:6      | Reached skill level 5 in Stealth
  5866 | D:6      | Gained mutation: You have razor-sharp teeth. [Vine Stalker
                  | growth]
  5866 | D:6      | Reached XP level 8. HP: 31/39 MP: 12/15
  6418 | D:5      | Entered Level 5 of the Dungeon
  6475 | D:5      | Found a shadowy altar of Dithmenos.
  7077 | D:5      | Learned a level 2 spell: Blink
  7081 | D:5      | Learned a level 3 spell: Dazzling Flash
  7083 | D:5      | Found a staircase to the Ecumenical Temple.
  7088 | Temple   | Entered the Ecumenical Temple
  7990 | D:4      | Noticed Eustachio
  8206 | D:3      | Became a worshipper of Uskayaw the Reveller
  8296 | D:3      | Reached * piety under Uskayaw
  8492 | D:4      | Found an ornate altar of the Wu Jian Council.
  8499 | D:4      | Reached ** piety under Uskayaw
  8516 | D:4      | Reached *** piety under Uskayaw
  8517 | D:4      | Reached skill level 1 in Hexes
  8952 | D:6      | Found a runed translucent gate.
  8953 | D:6      | Noticed lunkers's ghost (novice OgWr)
  8954 | D:6      | Found a runed translucent gate.
  8954 | D:6      | Found a runed translucent gate.
  9073 | D:6      | Reached skill level 6 in Stealth
  9073 | D:6      | Reached skill level 5 in Spellcasting
  9073 | D:6      | Reached skill level 1 in Translocations
  9073 | D:6      | Reached XP level 9. HP: 17/44 MP: 5/17
  9354 | D:6      | Found a white marble altar of Elyvilon.
  9871 | D:7      | Noticed Harold
 10620 | D:7      | Paralysed by a hornet for 1 turns
 10624 | D:7      | Killed a hornet
 10625 | D:7      | Reached skill level 1 in Short Blades
 10757 | D:7      | Identified a scroll of acquirement
 10757 | D:7      | Acquired a +1 cloak of stealth
 10823 | D:7      | Reached **** piety under Uskayaw
 10994 | D:7      | Reached skill level 1 in Invocations
 11117 | D:7      | Found a basalt altar of Yredelemnul.
 11522 | D:8      | Reached skill level 7 in Stealth
 11535 | D:8      | Reached XP level 10. HP: 39/50 MP: 15/19
 11537 | D:8      | Reached ***** piety under Uskayaw
 12000 | D:8      | Found a blossoming altar of Fedhas.
 12367 | D:8      | Found a radiant altar of Vehumet.
 13437 | D:9      | Found a staircase to the Orcish Mines.
 13484 | D:9      | Found Xepim's Book Shop.
 13719 | D:9      | Reached skill level 1 in Evocations
 13721 | D:9      | Reached skill level 1 in Shields
 14035 | D:9      | Found a sacrificial altar of Ru.
 14076 | D:10     | Entered Level 10 of the Dungeon
 14086 | D:9      | Reached skill level 5 in Dodging
 14353 | D:9      | Reached XP level 11. HP: 51/54 MP: 21/21
 14588 | D:9      | Reached skill level 5 in Fighting
 14593 | D:9      | Reached skill level 8 in Stealth
 15407 | D:10     | Noticed Urug
 15419 | D:10     | Slain by Urug

Illustrated notes

Levels and vault maps discovered:
D:1:      roderic_chinese_lattice_arrival, layout_rooms
D:2:      layout_loops_cross, serial_shops, nicolae_shop_crystal
D:3:      layout_loops_corners, mainiacjoe_overflow_six_doors_small,
          grunt_temple_overflow_cloverleaf, chequers_ecumenical_altar_grove
D:4:      layout_rooms, nzn_wu_jian_contemplation, uniq_eustachio
D:5:      layout_basic, mainiacjoe_overflow_cross_hatched, temple_doors_e
D:6:      layout_loops_ring, elyvilon_altar_3, cheibrodos_ashenzari_chains,
          ebering_ghost_rock_garden, uniq_sigmund
D:7:      layout_loops_ring, kennysheep_mini_moat, uniq_harold
D:8:      layout_cave_pools, kennysheep_little_box, mainiacjoe_overflow_paths,
          minivault_26
D:9:      layout_rooms, nicolae_ru_the_path_less_chosen, hiddenorc1_lemuel,
          serial_shops, shop, billiards_dpeg
D:10:     minmay_the_grid_triangle_9x9_rhombus_thin
          [minmay_the_grid_triangle_9x9_swiss_cheese,
          minmay_the_grid_triangle_9x9_prize_schism,
          minmay_the_grid_triangle_9x9_limited_checkers,
          minmay_the_grid_triangle_9x9_zippers_horizontal], layout_basic,
          erik_lair_island, special_room [special_room_bee], uniq_urug
Temple:   dpeg_three_leaves_temple

Skill      XL: |  1  2  3  4  5  6  7  8  9 10 11 |
---------------+----------------------------------+-----
Spellcasting   | 3 4 5 6 |  6.5
Stealth        | 3 4 5 6 7 8 |  8.1
Conjurations   | 5 6 7 |  7.8
Dodging        | 2 3 4 5 |  5.2
Maces & Flails | 1 2 3 |  3.7
Fighting       | 1 2 3 4 5 |  5.1
Hexes          | 1 2 3 4 |  4.1
Translocations | 1 2 3 4 |  4.1
Short Blades   | 2 3 |  3.6
Invocations    | 1 3 |  3.3
Evocations     | 1 2 |  2.1
Shields        | 1 2 |  2.1
Unarmed Combat | |  0.2

Action                   |  1- 3 |  4- 6 |  7- 9 | 10-12 || total
-------------------------+-------+-------+-------+-------++-------
Melee: Unarmed           |     6 |       |       |       ||     6
       Bite              |     1 |    24 |   108 |    85 ||   218
       Whip              |     5 |   108 |   345 |   326 ||   784
       Short sword       |     1 |     1 |     1 |       ||     3
       Dagger            |       |       |    45 |    12 ||    57
Throw: Throwing net      |       |       |       |     1 ||     1
 Cast: Magic Dart        |    94 |    62 |    68 |    98 ||   322
       Blink             |       |       |       |     3 ||     3
       Searing Ray       |       |       |       |     1 ||     1
Invok: Stomp             |       |       |     4 |       ||     4
       Line Pass         |       |       |     3 |     1 ||     4
Evoke: Wand              |       |       |       |     3 ||     3
  Use: Scroll            |     1 |     2 |     9 |     5 ||    17
       Potion            |       |     2 |       |       ||     2
 Stab: Sleeping          |       |     4 |     7 |     3 ||    14
       Paralysed         |       |       |     7 |    18 ||    25
       Distracted        |       |       |     1 |       ||     1
       Confused          |       |       |     1 |       ||     1
Armor: Robe              |     4 |    22 |       |       ||    26
       Steam dragon scal |       |       |   187 |   217 ||   404
Dodge: Dodged            |    13 |   104 |   352 |   275 ||   744
Block: Other             |       |       |    24 |       ||    24
       Reflection        |       |       |     1 |       ||     1
       Buckler           |       |       |    15 |    83 ||    98

Table legend: (Time is in decaauts)
 A = Elapsed time spent in this place.
 B = Non-inter-level travel time spent in this place.
 C = Inter-level travel time spent in this place.
 D = Time resting spent in this place.
 E = Time spent auto-exploring this place.
 F = Levels seen in this place.
 G = Mean time per level.
                   A        B        C        D        E       F      G
               +--------+--------+--------+--------+--------+-----+--------+
         Total |  15419 |  15068 |    351 |   6783 |   5411 |  11 | 1401.7 |
       Dungeon |  15341 |  14992 |    349 |   6783 |   5362 |  10 | 1534.1 |
        Temple |     77 |     75 |      2 |      0 |     49 |   1 |   77.0 |
               +--------+--------+--------+--------+--------+-----+--------+

Top non-repeatable levels by time:
     D:6: 3172 daAuts
     D:3: 1954 daAuts
     D:9: 1917 daAuts
     D:1: 1757 daAuts
     D:8: 1715 daAuts
     D:2: 1557 daAuts
     D:5: 1155 daAuts
     D:4: 970 daAuts
     D:7: 796 daAuts
    D:10: 344 daAuts
  Temple: 77 daAuts
